 Dungeon Crawl Stone Soup version 0.29-a0-664-gff9cad4a3d (webtiles) character file.

Game seed: 2494470423015800419

2310 inmateoo the Chopper (level 9, -1/66 (69) HPs)
             Began as a Demonspawn Fighter on June 22, 2022.
             Was an Initiate of Gozag.
             Slain by a wight
             ... wielding a +0 great sword
              (5 damage)
             ... on level 7 of the Dungeon.
             The game lasted 00:05:26 (6777 turns).

inmateoo the Chopper (Demonspawn Fighter)           Turns: 6777, Time: 00:05:27

HP:   -1/66 (69)    AC: 11    Str: 28    XL:     9   Next: 18%
MP:   9/9           EV:  8    Int:  9    God:    Gozag
Gold: 575           SH: 14    Dex: 12    Spells: 8/8 levels left

rFire   + . .      SeeInvis .   n - +2 hand axe (freeze)
rCold   . . .      Faith    .   b - +0 kite shield
rNeg    . . .      Spirit   .   i - +0 chain mail
rPois   .          Reflect  +   (no helmet)
rElec   .          Harm     .   (cloak unavailable)
rCorr   .          Rampage  .   (no gloves)
Will    .....                   (no boots)
Stlth   ..........              k - amulet of reflection
HPRegen 0.21/turn               v - ring of protection from fire
MPRegen 0.11/turn               j - +6 ring of strength

@: gold aura, lightly drained
A: molten scales 1, demonic guardian 1, foul stench 1, weakness stinger 3
a: Renounce Religion, Potion Petition, Call Merchant, Bribe Branch


You were on level 7 of the Dungeon.
You worshipped Gozag.
Gozag was pleased with you.
You visited 2 branches of the dungeon, and saw 8 of its levels.

You collected 693 gold pieces.
You paid 118 gold pieces to Gozag.

Inventory:

Hand Weapons
 n - a +2 hand axe of freezing (weapon)
Armour
 b - a +0 kite shield (worn)
 i - a +0 chain mail (worn)
Jewellery
 j - a +6 ring of strength (right hand)
 k - an amulet of reflection (around neck)
 v - a ring of protection from fire (left hand)
Wands
 e - a wand of mindburst (16)
 l - a wand of polymorph (7)
 q - a wand of charming (8)
Scrolls
 o - a scroll of amnesia
 s - a scroll of enchant armour
 t - a scroll of identify
 w - a scroll of teleportation
Potions
 a - 2 potions of haste
 d - 2 potions of might
 f - 3 potions of flight
 g - a potion of magic
 h - a potion of invisibility
 m - 2 potions of heal wounds
 p - 2 potions of ambrosia
 r - 4 potions of curing
 x - a potion of mutation


   Skills:
 + Level 5.8 Fighting
 * Level 6.8 Axes
 + Level 5.2 Armour
 + Level 4.3 Dodging
 + Level 5.2 Shields


You had 8 spell levels left.
You didn't know any spells.
Your spell library contained the following spells:

 Spells                   Type           Power      Damage    Failure   Level
 Magic Dart               Conj           0%         1d3       99%         1
 Necrotize                Necr           0%         1d4       99%         1
 Sting                    Tmut/Pois      0%         1d3       99%         1
 Poisonous Vapours        Pois/Air       0%         N/A       100%        2
 Searing Ray              Conj           0%         2d4       100%        2
 Dazzling Flash           Conj/Hex       0%         N/A       100%        3
 Vampiric Draining        Necr           0%         2d6       100%        3
 Fulminant Prism          Conj/Hex       0%         3d6       100%        4
 Iskenderun's Mystic Bla  Conj/Tloc      0%         2d3       100%        4
 Olgreb's Toxic Radiance  Pois           0%         N/A       100%        4
 Agony                    Necr           0%         N/A       100%        5
 Starburst                Conj/Fire      0%         6d3       100%        6


Dungeon Overview and Level Annotations

Branches:
Dungeon (7/15)             Temple (1/1) D:5

Altars:
Ashenzari
Cheibriados
Dithmenos
Elyvilon
Fedhas
Gozag
Hepliaklqana
Kikubaaqudgha
Makhleb
Nemelex Xobeh
Okawaru
Ru
Sif Muna
Trog
Uskayaw
Xom
Yredelemnul
Zin


Innate Abilities, Weirdness & Mutations

You are partially covered in molten scales. (AC +2)
A weak demonic guardian rushes to your aid.
You may rarely emit foul miasma when damaged in melee.
You have a sharp stinger which inflicts weakening toxins.


Message History

The sling bullet hits the wight.
The wight shoots a sling bullet.
You reflect the sling bullet off an invisible shield around you!
The sling bullet hits the wight!
You slash the wight!
Your tail-slap misses the wight.
The wight is heavily damaged.
You hit the wight.
You destroy the wight!
The wight hits you but does no damage.
The wight shoots a sling bullet.
The sling bullet barely misses you.
You barely miss the wight.
The wight is heavily damaged.
The wight completely misses you.
You slash the wight! You freeze the wight.
You destroy the wight!
The wight shoots a sling bullet.
You reflect the sling bullet off an invisible shield around you!
The sling bullet closely misses the wight.
Your life force feels restored.
You swing at nothing.
The wight shoots a sling bullet.
You reflect the sling bullet off an invisible shield around you!
The sling bullet barely misses the wight.
You barely miss the wight.
The wight is heavily damaged.
The wight unwields a +0 hunting sling.
The wight wields a +0 great sword.
The wight barely misses you.
You hit the wight.
You tail-slap the wight, but do no damage.
The wight is severely damaged.
The wight barely misses you.
You barely miss the wight.
You tail-slap the wight, but do no damage.
The wight is severely damaged.
You block the wight's attack.
You closely miss the wight.
The wight is severely damaged.
The wight hits you with a +0 great sword!
* * * LOW HITPOINT WARNING * * *
A demonic guardian appears!
You feel drained.
You die...
Your body crumbles into a pile of gold.

##### ######...#
.........#########
##
##...............#
...
........########.#
.. ##.####.# ##.#.
#.###.####.# #.###
##.#...5......#
##.#.
......z@.$...(#
#...
.#######$####.##
#.## #.# #.[# +.#
..# #.## ### $
#### #.# ###


You could see a wight (ally target) and a friendly white imp (summoned).

Vanquished Creatures
  Sigmund (D:6)
  Menkaure (D:5)
  A water moccasin (D:5)
  A sky beast (D:6)
  3 black bears
  2 centaurs (D:5)
  3 phantoms
  2 necrophages
  2 scorpions (D:5)
  3 wights (D:7)
  3 killer bees (D:5)
  2 howler monkeys
  A jelly (D:4)
  3 orc priests
  5 hounds
  An iguana (D:5)
  2 orc wizards (D:5)
  4 gnolls
  9 adders
  3 white imps
  An ufetubus (D:5)
  3 worms
  2 dart slugs
  21 orcs
  4 ball pythons
  4 endoplasms
  3 giant cockroaches
  8 goblins
  9 hobgoblins
  3 jackals
  9 quokkas
  4 bats
  5 frilled lizards
  10 kobolds
  8 rats
146 creatures vanquished.

Vanquished Creatures (collateral kills)
  An ufetubus (D:5)
1 creature vanquished.

Grand Total: 147 creatures vanquished

Notes
Turn   | Place    | Note
-------+----------+-------------------------------------------
     0 | D:1      | inmateoo the Demonspawn Fighter began the quest for the
                  | Orb.
     0 | D:1      | Reached XP level 1. HP: 18/18 MP: 1/1
   228 | D:1      | Reached skill level 2 in Axes
   234 | D:1      | Gained mutation: You have a small tail. [demonic ancestry]
   234 | D:1      | Reached XP level 2. HP: 8/24 MP: 2/2
   741 | D:1      | Gained mutation: You have a tail ending in a sharp stinger.
                  | [demonic ancestry]
   741 | D:1      | Reached XP level 3. HP: 29/29 MP: 3/3
  1176 | D:2      | Reached skill level 1 in Dodging
  1181 | D:2      | You fall into a shaft and drop 1 floor!
  1323 | D:3      | Gained mutation: A weak demonic guardian rushes to your
                  | aid. [demonic ancestry]
  1323 | D:3      | Reached XP level 4. HP: 35/35 MP: 4/4
  1351 | D:3      | Reached skill level 3 in Axes
  1808 | D:2      | Gained mutation: You have a sharp stinger which inflicts
                  | weakening toxins. [demonic ancestry]
  1808 | D:2      | Reached XP level 5. HP: 22/41 MP: 5/5
  2239 | D:2      | Found a faded altar of an unknown god.
  3096 | D:4      | Gained mutation: You may rarely emit foul miasma when
                  | damaged in melee. [demonic ancestry]
  3096 | D:4      | Reached XP level 6. HP: 41/48 MP: 6/6
  3268 | D:4      | Reached skill level 4 in Axes
  3484 | D:4      | Found a broken altar of Ashenzari.
  3523 | D:4      | Gained mutation: You are partially covered in molten
                  | scales. (AC +2) [demonic ancestry]
  3523 | D:4      | Reached XP level 7. HP: 40/54 MP: 7/7
  3963 | D:5      | Entered Level 5 of the Dungeon
  3992 | D:5      | Noticed Menkaure
  3995 | D:5      | Killed Menkaure
  4177 | D:5      | Reached skill level 5 in Axes
  4179 | D:5      | Reached XP level 8. HP: 18/61 MP: 8/8
  4416 | D:5      | Found a shimmering blue altar of Sif Muna.
  4674 | D:5      | Found a staircase to the Ecumenical Temple.
  4681 | D:5      | Identified the +3 whip of Defence {freeze, rC+}
  4696 | Temple   | Entered the Ecumenical Temple
  4706 | Temple   | Became a worshipper of Gozag Ym Sagoz the Greedy
  4765 | D:5      | Reached skill level 5 in Fighting
  5178 | D:5      | Reached skill level 6 in Axes
  5184 | D:5      | HP: 3/62 [poisoned by a killer bee]
  5186 | D:5      | HP: 1/62 [poisoned by a killer bee]
  5888 | D:6      | Reached skill level 5 in Armour
  5985 | D:6      | Noticed Sigmund
  6000 | D:6      | Killed Sigmund
  6001 | D:6      | Reached skill level 5 in Shields
  6001 | D:6      | Reached XP level 9. HP: 45/68 MP: 9/9
  6294 | D:6      | Found a shimmering altar of Xom.
  6294 | D:6      | Found a snail-covered altar of Cheibriados.
  6317 | D:6      | Found a burning altar of Makhleb.
  6319 | D:6      | Found an iron altar of Okawaru.
  6777 | D:7      | Slain by a wight

Illustrated notes

Levels and vault maps discovered:
D:1:      eino_arrival_cavern_b, layout_loops_ring, minmay_heptomino_l4
D:2:      layout_basic, ebering_ecumenical_altar_rust
D:3:      layout_basic, wander_ebering_terrifying_dragon_lair
D:4:      layout_loops_corners, mainiacjoe_overflow_catwalk,
          kennysheep_big_empty_room
D:5:      layout_loops_cross, minmay_temple_entry_offerings,
          minmay_misc_feat_plants, minmay_ruined_shrine, uniq_menkaure
D:6:      layout_loops_ring, chequers_temple_overflow_minitemple, uniq_sigmund
D:7:      layout_loops_ring, gammafunk_temple_overflow_pools, enter_ossuary_5,
          eino_small_chamber_without_monster, dk_vineyard_1
Temple:   nicolae_temple_no_exploring_needed

Skill      XL: |  1  2  3  4  5  6  7  8 |
---------------+-------------------------+-----
Axes           | 2 3 4 5 6 |  6.8
Shields        | 3 4 5 |  5.2
Armour         | 3 4 5 |  5.2
Dodging        | 1 2 3 4 |  4.3
Fighting       | 4 5 |  5.8

Action                   |  1- 3 |  4- 6 |  7- 9 || total
-------------------------+-------+-------+-------++-------
Melee: War axe           |   102 |    51 |       ||   153
       Tailslap          |     9 |    23 |    26 ||    58
       Unarmed           |       |     3 |       ||     3
       Hand axe          |       |    77 |   196 ||   273
  Use: Scroll            |     3 |       |    14 ||    17
 Stab: Distracted        |       |       |     1 ||     1
Armor: Scale mail        |    44 |    33 |    56 ||   133
       Chain mail        |       |       |    17 ||    17
Dodge: Dodged            |    38 |    50 |    84 ||   172
Block: Buckler           |    47 |    79 |    86 ||   212
       Reflection        |     1 |       |     6 ||     7
       Kite shield       |       |       |    12 ||    12

Table legend: (Time is in decaauts)
 A = Elapsed time spent in this place.
 B = Non-inter-level travel time spent in this place.
 C = Inter-level travel time spent in this place.
 D = Time resting spent in this place.
 E = Time spent auto-exploring this place.
 F = Levels seen in this place.
 G = Mean time per level.
                   A        B        C        D        E       F      G
               +--------+--------+--------+--------+--------+-----+--------+
         Total |   6866 |   6708 |    158 |   2332 |   3254 |   8 |  858.2 |
       Dungeon |   6847 |   6698 |    149 |   2332 |   3254 |   7 |  978.1 |
        Temple |     19 |     10 |      9 |      0 |      0 |   1 |   19.0 |
               +--------+--------+--------+--------+--------+-----+--------+

Top non-repeatable levels by time:
     D:5: 1751 daAuts
     D:4: 1247 daAuts
     D:2: 1241 daAuts
     D:6: 977 daAuts
     D:3: 790 daAuts
     D:1: 763 daAuts
     D:7: 75 daAuts
  Temple: 19 daAuts
